 Dungeon Crawl Stone Soup version 0.24-a0-479-g9a978d2894 (webtiles) character file.

Game seed: 8413560580449191259

144 PgLoLo the Skirmisher (level 5, -3/43 HPs)
             Began as a Formicid Fighter on July 6, 2019.
             Slain by a bog mummy (11 damage)
             ... in an ossuary.
             The game lasted 00:03:50 (2298 turns).

PgLoLo the Skirmisher (Formicid Fighter)            Turns: 2298, Time: 00:03:51

Health: -3/43      AC:  7    Str: 26    XL:     5   Next: 52%
Magic:  5/5        EV:  6    Int:  8    God:
Gold:   61         SH: 15    Dex: 10    Spells: 4/4 levels left

rFire    . . .     SeeInvis +   a - +0 war axe
rCold    . . .     Gourm    .   t - +0 large shield
rNeg     . . .     Faith    .   p - +0 scale mail
rPois    .         Spirit   .   (helmet unavailable)
rElec    .         Reflect  .   (no cloak)
rCorr    .         Harm     .   (no gloves)
MR       .....                  (no boots)
Stlth    ..........             (no amulet)
HPRegen  0.14/turn              (no ring)
MPRegen  0.09/turn              (no ring)

@: mighty
A: permanent stasis, dig shafts and tunnels, four strong arms, antennae 3
a: Dig, Shaft Self


You were in an ossuary.
You were hungry.

You visited 1 branch of the dungeon, and saw 4 of its levels.
You also visited: Ossuary.

You collected 61 gold pieces.

Inventory:

Hand Weapons
 a - a +0 war axe (weapon)
 b - a +0 hunting sling
Missiles
 j - 48 sling bullets
 k - 54 bolts
Armour
 p - a +0 scale mail (worn)
 t - a +0 large shield (worn)
Jewellery
 q - an uncursed amulet of magic regeneration {unknown}
Scrolls
 e - 3 scrolls of remove curse {unknown}
 h - 2 scrolls of teleportation {unknown}
 i - a scroll of immolation {unknown}
 l - 3 scrolls of identify {unknown}
 m - a scroll of random uselessness {unknown}
 n - a scroll of blinking {unknown}
 s - a scroll of fear {unknown}
Potions
 g - 5 potions of curing {unknown}
 o - a potion of heal wounds {unknown}
 r - a potion of degeneration {unknown}
Comestibles
 f - 6 rations


   Skills:
 * Level 4.5 Fighting
 * Level 3.1 Axes
 + Level 4.1 Armour
 - Level 0.1 Dodging
 + Level 4.4 Shields


You had 4 spell levels left.
You didn't know any spells.
Your spell library contained the following spells:

 Spells                   Type           Power        Failure   Level  Hunger
 Corona                   Hex            #......      100%        1    ##.....
 Ensorcelled Hibernation  Hex/Ice        #.....       100%        2    ###....
 Confuse                  Hex            #.......     100%        3    ####...
 Dazzling Spray           Conj/Hex       #.....       100%        3    ####...
 Tukima's Dance           Hex            #.......     100%        3    ####...


Dungeon Overview and Level Annotations

Branches:
Dungeon (4/15)
 Temple: D:4-7

Altars:
Sif Muna


Innate Abilities, Weirdness & Mutations

You cannot be hasted, slowed, berserked, paralysed or teleported.
You can dig through walls and to a lower floor.
Your four strong arms can wield two-handed weapons with a shield.
You have a pair of large antennae on your head. (SInv)


Message History

The bog mummy is lightly damaged.
You closely miss the bog mummy.
The bog mummy is lightly damaged.
The bog mummy hits you!
You are too injured to fight recklessly!
You are too injured to fight recklessly!
You are too injured to fight recklessly!
You feel very mighty all of a sudden.
The bog mummy hits you but does no damage.
You slash the bog mummy!
The bog mummy is almost destroyed.
The bog mummy hits you!
* * * LOW HITPOINT WARNING * * *
Your shield and scale mail prevent you from hitting the bog mummy.
The bog mummy is almost destroyed.
The bog mummy barely misses you.
Your shield prevents you from hitting the bog mummy.
The bog mummy is almost destroyed.
The bog mummy hits you!
You die...

## ###
{
{#.#.≈
#.≈.#
{ .Z≈
{
##M##
{{
{#.@.#
{{
#.∩.#
{{
#∩..#
#####
{


You could see a bog mummy and a jackal zombie.

Vanquished Creatures
  A mummy (D:4)
  5 adders
  3 oozes
  An adder skeleton (D:2)
  An adder zombie (D:3)
  3 worms
  A dart slug (D:1)
  2 giant cockroaches
  9 goblins
  7 hobgoblins
  6 jackals
  7 kobolds
  A ball python (D:1)
  8 bats
  An orc zombie (D:4)
  5 rats
61 creatures vanquished.

Vanquished Creatures (others)
  A withered plant (Ossuary)
1 creature vanquished.

Grand Total: 62 creatures vanquished

Notes
Turn   | Place    | Note
-------+----------+-------------------------------------------
     0 | D:1      | PgLoLo the Formicid Fighter began the quest for the Orb.
     0 | D:1      | Reached XP level 1. HP: 18/18 MP: 1/1
   167 | D:1      | Reached XP level 2. HP: 18/24 MP: 2/2
   410 | D:1      | Reached XP level 3. HP: 30/30 MP: 3/3
   983 | D:2      | Reached XP level 4. HP: 37/37 MP: 4/4
  1564 | D:3      | Reached XP level 5. HP: 38/43 MP: 5/5
  1895 | D:3      | Found a deep blue altar of Sif Muna.
  2244 | D:4      | Found a sand-covered staircase.
  2284 | Ossuary  | Entered an ossuary
  2298 | Ossuary  | Slain by a bog mummy

Levels and vault maps discovered:
D:1:      giann_wishing_wells, layout_loops_corners
D:2:      lemuel_upstairs_altar, layout_loops_cross
D:3:      layout_basic, first_ration, lemuel_tele_altar
D:4:      layout_basic, cheibrodos_sewer_entry_drain, serial_shops, shop,
          nicolae_ossuary_entry_giza
Ossuary:  ossuary_zaba_flooded

Skill      XL: |  1  2  3  4  5 |
---------------+----------------+-----
Shields        | 4 |  4.4
Fighting       | 4 |  4.5
Armour         | 4 |  4.1
Axes           | 3 |  3.1
Dodging        | |  0.1

Action                   |  1- 3 |  4- 6 || total
-------------------------+-------+-------++-------
Melee: War axe           |    71 |   131 ||   202
  Use: Potion            |       |     1 ||     1
  Eat: Chunk             |       |     4 ||     4
Armor: Scale mail        |    36 |    56 ||    92
Dodge: Dodged            |    29 |    53 ||    82
Block: Shield            |    36 |    59 ||    95
       Large shield      |       |     2 ||     2

Table legend:
 A = Non-vault XP
 B = Vault XP
 C = Vault XP percentage of total XP
 D = Non-vault monster count
 E = Vault monster count
 F = Vault count percentage of total count
                 A         B        C        D         E       F
            +---------+---------+-------+---------+---------+-------
      Total |     190 |      17 |   8.2 |      59 |       2 |   3.3
            +---------+---------+-------+---------+---------+-------
        D:1 |      44 |       0 |   0.0 |      21 |       0 |   0.0
        D:2 |      90 |       0 |   0.0 |      18 |       0 |   0.0
        D:3 |      56 |       0 |   0.0 |      20 |       0 |   0.0
        D:4 |       0 |      17 | 100.0 |       0 |       2 | 100.0
            +---------+---------+-------+---------+---------+-------
